 Dungeon Sprint DCSS version 0.26-a0-996-g6b303dbc09 (webtiles) character file.

Game seed: 15871355741468693031

1985 Conn the Arsonist (level 9, -1/55 HPs)
             Began as an Octopode Fire Elementalist on Dec 6, 2020.
             Was an Initiate of Sif Muna.
             Slain by a hornet (11 damage)
             ... in the Dungeon (Sprint II: "The Violet Keep of Menkaure").
             The game lasted 00:12:07 (967 turns).

Conn the Arsonist (Octopode Fire Elementalist)       Turns: 967, Time: 00:12:07

Health: -1/55      AC:  1    Str: 11    XL:     9   Next: 21%
Magic:  6/20       EV: 18    Int: 22    God:    Sif Muna [......]
Gold:   0          SH:  0    Dex: 12    Spells: 7/23 levels left

rFire    . . .     SeeInvis .   b - +7 spear of Cyew {freeze, Int+4}
rCold    + . .     Faith    .   (no shield)
rNeg     . . .     Spirit   .   (helmet restricted)
rPois    +         Reflect  .   (no amulet)
rElec    .         Harm     .   d - ring "Vowowug" {rPois rC+ Str+4 Int-3}
rCorr    .         Rampage  .   (no ring)
MR       .....     NoTele   +   (no ring)
Stlth    ++++......             (no ring)
HPRegen  0.18/turn              (no ring)
MPRegen  0.17/turn              (no ring)
                                (no ring)
                                (no ring)

@: lethally poisoned (-1 -> -9)
A: almost no armour, stealthy swim, amphibious, 8 rings, constrict 8, camouflage
1, gelatinous body 1
a: Renounce Religion


You were in the Dungeon.
You worshipped Sif Muna.
Sif Muna was noncommittal.
You visited 1 branch You collected 972 gold pieces.
You spent 972 gold pieces at shops.

Inventory:

Hand Weapons
 a - the +2 dagger "Parorit" {vorpal, *Slow +Fly MP+9 Str-5}
   (You bought it in a shop in the Dungeon)

   It inflicts extra damage upon your enemies.
   It affects your strength (-5).
   It affects your magic capacity (+9).
   It lets you fly.
   It may slow you when you take damage.
 b - the +7 spear of Cyew (weapon) {freeze, Int+4}
   (You bought it in a shop in the Dungeon)

   It has been specially enchanted to freeze those struck by it, causing extra
   injury to most foes and up to half again as much damage against particularly
   susceptible opponents.
   It can also slow down cold-blooded creatures.
   It affects your intelligence (+4).
Jewellery
 d - the ring "Vowowug" (left tentacle) {rPois rC+ Str+4 Int-3}
   (You bought it in a shop in the Dungeon)

   [ring of protection from cold]

   It affects your strength (+4).
   It affects your intelligence (-3).
   It protects you from cold.
   It protects you from poison.
Wands
 f - a wand of enslavement (9)
Scrolls
 g - a scroll of blinking
 h - a scroll of fog
Potions
 c - a potion of heal wounds
 e - a potion of magic


   Skills:
 + Level 2.7 Fighting
 * Level 9.1 Dodging
 + Level 6.2 Stealth
 + Level 7.7 Spellcasting
 * Level 8.6 Conjurations
 + Level 13.2 Fire Magic


You had 7 spell levels left.
You knew the following spells:

 Your Spells              Type           Power        Failure   Level
a - Foxfire               Conj/Fire      ####         1%          1
b - Conjure Flame         Conj/Fire      ######..     1%          3
c - Inner Flame           Hex/Fire       #####...     1%          3
d - Sticky Flame          Conj/Fire      ######..     1%          4
e - Fireball              Conj/Fire      ######....   2%          5

Your spell library contained the following spells:

 Spells                   Type           Power        Failure   Level


Dungeon Overview and Level Annotations

Branches:
Dungeon (1/1)

Altars:
Cheibriados
Dithmenos
Elyvilon
Fedhas
Gozag
Hepliaklqana
Kikubaaqudgha
Makhleb
Nemelex Xobeh
Okawaru
Qazlal
Ru
Sif Muna
Trog
Uskayaw
Vehumet
Wu Jian
Xom
Yredelemnul
Zin
The Shining One
Beogh
Jiyva
Lugonu

Shops:
D [::?(!}(![=([(=

Annotations:
D exclusion: oklob plant


Innate Abilities, Weirdness & Mutations

You cannot wear most types of armour.
You are very stealthy in the water. (Stealth+)
You are amphibious.
You can wear up to eight rings at the same time.
You can use your tentacles to constrict eight enemies at once.
Your skin changes colour to match your surroundings (Stealth+).
Your rubbery body absorbs attacks. (AC +1, EV +1)


Message History

Press: ? - help, Shift-Dir - straight line, f/p - yaktaur
Aim: a yaktaur, wielding a +0 arbalest and quivering 21 bolts (moderately wounded)
The fireball explodes!
The fireball engulfs the yaktaur!!
The yaktaur is severely wounded.
The hornet completely misses you.
The yaktaur shoots a bolt.
The bolt hits you!!
* * * LOW HITPOINT WARNING * * *
Casting: Fireball (dangerous; 2% risk of failure)
Confirm with . or Enter, or press ? or * to list all spells.
Aiming: Fireball (dangerous; 2% risk of failure)
Press: ? - help, Shift-Dir - straight line, f/p - yaktaur
Aim: a yaktaur, wielding a +0 arbalest and quivering 20 bolts (severely wounded)
The fireball explodes!
The fireball engulfs the yaktaur!
You kill the yaktaur!
Sif Muna accepts your kill. The hornet stings you.
* * * LOW HITPOINT WARNING * * *
You are poisoned.
The hornet stings you!
You die...

.#.+..### ..##.#▓?(!)$
...#....###.^.##▓▓▓▓▓▓▓
#.##......≈§≈§≈≈≈≈≈≈≈≈
###≈≈§....≈#'########+##
#≈≈≈≈§≈≈..≈#_)_.....#§§§
#≈≈≈≈≈≈≈≈§≈#.°._....#≈§≈
≈≈≈≈≈≈≈≈≈≈≈#_._._...#§§≈
≈≈≈≈≈≈≈≈≈§§#._._y_..#§§S
+#≈≈§≈≈≈≈§≈#_._.@._.#S§≈
##≈§≈###§§#._._._._#§§§
≈≈##§§# #§≈#.._._._.#≈§≈
≈°≈+≈§# #≈≈#._._._..#≈≈≈
○○## ≈≈≈§≈≈##########§≈§
○## ######≈≈≈≈≈≈≈§§§§≈
## §§###≈########§▓▓
≈§≈##≈ ▓▓ §≈≈.+≈


You could see a hornet and a water moccasin.

Vanquished Creatures
  A merfolk siren (D)
  A yaktaur (D)
  3 polar bears (D)
  A blink frog (D)
  2 wyverns (D)
  2 water moccasins (D)
  4 necrophages (D)
  3 worms (D)
17 creatures vanquished.

Vanquished Creatures (others)
  Menkaure (D)
  50 foxfires (D)
51 creatures vanquished.

Grand Total: 68 creatures vanquished

Notes
Turn   | Place    | Note
-------+----------+-------------------------------------------
     0 | D        | Conn the Octopode Fire Elementalist began the quest for the
                  | Orb.
     0 | D        | Reached XP level 1. HP: 11/11 MP: 3/3
     4 | D        | Noticed a wyvern
     4 | D        | Noticed a wyvern
     7 | D        | Noticed a merfolk siren
    10 | D        | Noticed a necrophage
    10 | D        | Noticed a necrophage
    10 | D        | Noticed a necrophage
    10 | D        | Noticed a necrophage
    17 | D        | Killed a necrophage
    18 | D        | Reached skill level 7 in Fire Magic
    18 | D        | Reached XP level 2. HP: 16/16 MP: 4/6
    18 | D        | Reached XP level 3. HP: 20/20 MP: 4/7
    18 | D        | Reached XP level 4. HP: 26/26 MP: 4/8
    22 | D        | Killed a necrophage
    23 | D        | Reached skill level 9 in Fire Magic
    23 | D        | Reached XP level 5. HP: 27/31 MP: 4/10
    29 | D        | Killed a necrophage
    30 | D        | Reached skill level 5 in Dodging
    30 | D        | Reached skill level 10 in Fire Magic
    30 | D        | Reached XP level 6. HP: 21/36 MP: 4/12
    37 | D        | HP: 1/35 [necrophage (6)]
    38 | D        | Killed a necrophage
    39 | D        | Reached skill level 1 in Fighting
    39 | D        | Reached skill level 11 in Fire Magic
    45 | D        | Killed Menkaure
    52 | D        | Learned a level 3 spell: Conjure Flame
    56 | D        | Learned a level 3 spell: Inner Flame
    61 | D        | Learned a level 4 spell: Sticky Flame
   317 | D        | Noticed a water moccasin
   323 | D        | Noticed a water moccasin
   328 | D        | Killed a water moccasin
   329 | D        | Reached skill level 5 in Stealth
   329 | D        | Reached skill level 5 in Spellcasting
   329 | D        | Reached XP level 7. HP: 17/41 MP: 7/14
   397 | D        | Learned a level 5 spell: Fireball
   539 | D        | Killed a merfolk siren
   540 | D        | Reached skill level 5 in Conjurations
   540 | D        | Reached skill level 12 in Fire Magic
   540 | D        | Reached XP level 8. HP: 47/50 MP: 4/17
   630 | D        | Killed a wyvern
   636 | D        | Killed a wyvern
   782 | D        | Found Jurhiwuir's Jewellery Emporium.
   782 | D        | Found Jusaim's Armour Emporium.
   782 | D        | Found Pimmiuko's Weapon Shoppe.
   782 | D        | Found Canah's Jewellery Emporium.
   782 | D        | Found Ineu's Antique Armour Shoppe.
   782 | D        | Found Nutakab's Antique Weapon Shoppe.
   782 | D        | Found Kufevod's Antique Weapon Shoppe.
   783 | D        | Found Kihu's Distillery.
   783 | D        | Found Canu's Gadget Shoppe.
   784 | D        | Found Zinoas's Distillery.
   784 | D        | Found Liss's Antique Weapon Emporium.
   784 | D        | Noticed a manticore
   799 | D        | Noticed a manticore
   800 | D        | Found Cycuiw's Magic Scroll Emporium.
   800 | D        | Found Isinuq's Book Shoppe.
   800 | D        | Noticed a manticore
   800 | D        | Noticed an oklob plant
   801 | D        | Found Acaew's Antique Armour Shoppe.
   801 | D        | Found Igeamess's Book Shoppe.
   803 | D        | Noticed a wyvern
   812 | D        | Noticed a cane toad
   816 | D        | Noticed a cane toad
   828 | D        | Bought a slimy dagger for 161 gold pieces
   828 | D        | Identified the +2 dagger "Parorit" {vorpal, *Slow +Fly MP+9
                  | Str-5} (You bought it in a shop in the Dungeon)
   835 | D        | Bought a bloodstained spear for 184 gold pieces
   835 | D        | Identified the +7 spear of Cyew {freeze, Int+4} (You bought
                  | it in a shop in the Dungeon)
   843 | D        | Bought the ring "Vowowug" {rPois rC+ Str+4 Int-3} for 497
                  | gold pieces
   849 | D        | Noticed a wyvern
   849 | D        | Noticed a wyvern
   851 | D        | Bought a wand of enslavement (9) for 110 gold pieces
   853 | D        | Bought a scroll of fog for 20 gold pieces
   870 | D        | Noticed a blink frog
   883 | D        | Killed a blink frog
   923 | D        | Noticed an ice statue
   933 | D        | Found an iron altar of Okawaru.
   933 | D        | Found a radiant altar of Vehumet.
   933 | D        | Found a glowing silver altar of Zin.
   934 | D        | Found a sparkling altar of Nemelex Xobeh.
   934 | D        | Found a hide-covered altar of Uskayaw.
   934 | D        | Found a basalt altar of Yredelemnul.
   935 | D        | Found an opulent altar of Gozag.
   935 | D        | Found a burning altar of Makhleb.
   935 | D        | Found a bloodstained altar of Trog.
   936 | D        | Found a blossoming altar of Fedhas.
   936 | D        | Found a corrupted altar of Lugonu.
   936 | D        | Found a shimmering blue altar of Sif Muna.
   937 | D        | Found a white marble altar of Elyvilon.
   937 | D        | Found an ancient bone altar of Kikubaaqudgha.
   938 | D        | Found a shadowy altar of Dithmenos.
   938 | D        | Found a viscous altar of Jiyva.
   939 | D        | Found a snail-covered altar of Cheibriados.
   941 | D        | Found a roughly hewn altar of Beogh.
   941 | D        | Found a shimmering altar of Xom.
   941 | D        | Found a sacrificial altar of Ru.
   941 | D        | Found a hazy altar of Hepliaklqana.
   941 | D        | Noticed a hornet
   941 | D        | Noticed a polar bear
   943 | D        | Found a glowing golden altar of the Shining One.
   943 | D        | Found an ornate altar of the Wu Jian Council.
   943 | D        | Found a stormy altar of Qazlal.
   943 | D        | Noticed a yaktaur
   946 | D        | Noticed a polar bear
   946 | D        | Noticed a polar bear
   949 | D        | Killed a polar bear
   952 | D        | Killed a polar bear
   953 | D        | Reached skill level 13 in Fire Magic
   953 | D        | Reached XP level 9. HP: 55/55 MP: 3/20
   960 | D        | Killed a polar bear
   962 | D        | Became a worshipper of Sif Muna the Loreminder
   967 | D        | Killed a yaktaur
   967 | D        | Slain by a hornet

Illustrated notes

Levels and vault maps discovered:
D:        the_violet_keep_of_menkaure [sprint2_stairs_cluster_1,
          sprint2_shoproom, sprint2_temple, sprint2_basic_supplies,
          sprint2_obstacle_2, sprint2_obstacle_6, sprint2_obstacle_7,
          sprint2_obstacle_3, sprint2_obstacle_1, sprint2_timed_cluster_1,
          sprint2_smallroom_cluster_1, sprint2_smallroom_final_cluster_1,
          sprint2_transparent_cluster_1, sprint2_second_timed_cluster_1,
          sprint2_sniper_area_1, sprint2_heavy_combat_area_1,
          sprint2_mutation_trap_area_1, sprint2_forest_area_1,
          sprint2_light_combat_area_1, sprint2_behind_water_1,
          sprint2_near_end_vault_1]

Skill      XL: |  1  2  3  4  5  6  7  8  9 |
---------------+----------------------------+-----
Dodging        | 3 4 5 6 7 8 9 |  9.1
Stealth        | 3 4 5 6 |  6.2
Spellcasting   | 3 4 5 6 7 |  7.7
Fire Magic     | 7 9 10 11 12 13 | 13.2
Fighting       | 1 2 |  2.7
Conjurations   | 3 5 8 |  8.6

Action                   |  1- 3 |  4- 6 |  7- 9 || total
-------------------------+-------+-------+-------++-------
Melee: Unarmed           |     5 |    15 |     9 ||    29
       Constrict         |     1 |     4 |     1 ||     6
       Tentacles         |     1 |     2 |     1 ||     4
 Cast: Foxfire           |       |     6 |    22 ||    28
       Conjure Flame     |       |     1 |     3 ||     4
       Fireball          |       |       |     5 ||     5
       Sticky Flame      |       |       |     5 ||     5
       Inner Flame       |       |       |     1 ||     1
  Use: Potion            |     2 |       |     2 ||     4
 Stab: Sleeping          |       |       |     1 ||     1
Dodge: Dodged            |     1 |     8 |    13 ||    22

Table legend: (Time is in decaauts)
 A = Elapsed time spent in this place.
 B = Non-inter-level travel time spent in this place.
 C = Inter-level travel time spent in this place.
 D = Time resting spent in this place.
 E = Time spent auto-exploring this place.
 F = Levels seen in this place.
 G = Mean time per level.
                   A        B        C        D        E       F      G
               +--------+--------+--------+--------+--------+-----+--------+
         Total |    958 |    958 |      0 |    599 |      0 |   1 |  958.0 |
       Dungeon |    958 |    958 |      0 |    599 |      0 |   1 |  958.0 |
               +--------+--------+--------+--------+--------+-----+--------+

Top non-repeatable levels by time:
       D: 958 daAuts
